 Dungeon Crawl Stone Soup version 0.29-a0-322-g68df515428 (webtiles) character file.

Game seed: 14539192107806308242

14 Leszczynek the Chopper (level 2, 0/23 HPs)
             Began as a Human Gladiator on Apr 6, 2022.
             Slain by a kobold
             ... wielding a +0 club
              (2 damage)
             ... on level 1 of the Dungeon.
             The game lasted 00:01:35 (172 turns).

Leszczynek the Chopper (Human Gladiator)             Turns: 172, Time: 00:01:36

Health: 0/23       AC:  4    Str: 14    XL:     2   Next: 55%
Magic:  2/2        EV: 12    Int:  8    God:
Gold:   0          SH:  0    Dex: 14    Spells: 1/1 levels left

rFire   . . .      SeeInvis .   a - +0 war axe
rCold   . . .      Faith    .   (no shield)
rNeg    . . .      Spirit   .   b - +0 leather armour
rPois   .          Reflect  .   c - +0 helmet
rElec   .          Harm     .   (no cloak)
rCorr   .          Rampage  .   (no gloves)
Will    .....                   (no boots)
Stlth   +.........              (no amulet)
HPRegen 0.07/turn               (no ring)
MPRegen 0.08/turn               (no ring)

@: no status effects
A: no striking features
a: no special abilities


You were on level 1 of the Dungeon.
You visited 1 branch of the dungeon, and saw 2 of its levels.

Inventory:

Hand Weapons
 a - a +0 war axe (weapon)
Missiles
 d - 3 throwing nets (quivered)
 e - a javelin
 h - 4 poisoned darts
Armour
 b - a +0 leather armour (worn)
 c - a +0 helmet (worn)
Scrolls
 f - a scroll of identify {unknown}
 j - 2 scrolls of teleportation {unknown}
Potions
 g - a potion of curing {unknown}
 i - a potion of magic {unknown}


   Skills:
 * Level 2.3 Fighting
 * Level 3.2 Axes
 + Level 2.1 Throwing
 + Level 3.1 Dodging


You had one spell level left.
You didn't know any spells.
Your spell library contained the following spells:

 Spells                   Type           Power      Damage    Failure   Level
 Portal Projectile        Hex/Tloc       0%         N/A       86%         3
 Blade Hands              Tmut           0%         N/A       100%        5
 Excruciating Wounds      Necr           0%         N/A       100%        5


Dungeon Overview and Level Annotations

Branches:
Dungeon (2/15)

Altars:


Message History

The goblin hits you but does no damage.
You climb downwards.
There is a stone staircase leading up here.
No target in view!
No target in view!
You climb upwards.
The goblin barely misses you. The kobold hits you with a +0 club.
The rat bites you but does no damage. The goblin barely misses you.
The goblin hits you with a +0 club.
There is a stone staircase leading down here.
Unknown command.
The kobold barely misses you. The rat barely misses you.
The goblin hits you with a +0 dagger. The goblin barely misses you.
You climb downwards.
There is a stone staircase leading up here.
You closely miss the kobold. You hit the rat.
You kill the rat!
You barely miss the goblin. The goblin barely misses you.
The kobold closely misses you.
You slash the goblin!
You kill the goblin!
You hit the kobold.
You kill the kobold!
You closely miss the goblin. The goblin barely misses you.
You slash the goblin!
You kill the goblin!
Things that are here:
a +0 dagger; a goblin corpse
Things that are here:
a +0 dagger; a goblin corpse
There is a stone staircase leading up here.
You climb upwards.
The goblin hits you but does no damage. The kobold hits you with a +0 club.
There is a stone staircase leading down here.
You miss the goblin. You closely miss the kobold.
The goblin hits you with a +0 dagger.
* * * LOW HITPOINT WARNING * * *
The kobold hits you with a +0 club.
* * * LOW HITPOINT WARNING * * *
The goblin hits you but does no damage. The kobold hits you with a +0 club.
You die...

######
#>.K.#
#..@g#
#.........#
#.........#
#.........#
#.:.......#
...........#
##...##.....
#... #######


You could see a goblin and a kobold.

Vanquished Creatures
  2 bats
  An endoplasm (D:1)
  4 goblins
  2 kobolds (D:2)
  3 rats
12 creatures vanquished.

Notes
Turn   | Place    | Note
-------+----------+-------------------------------------------
     0 | D:1      | Leszczynek the Human Gladiator began the quest for the Orb.
     0 | D:1      | Reached XP level 1. HP: 16/16 MP: 1/1
     6 | D:1      | 3 nets
     6 | D:1      | might as well start with 30 or 0
     6 | D:1      | no fucking difference
     6 | D:1      | if this useless shit just misses every single one every
                  | fucking time
    61 | D:2      | Reached XP level 2. HP: 12/22 MP: 2/2
   172 | D:1      | HP: 2/23 [kobold/+0 club (3)]
   172 | D:1      | Slain by a kobold

Illustrated notes

##++##
#+##P.@.##+#
#..........#
#P♣..<...PP#
#PPP♣P♣♣P##
####### ##


Turn 6 on D:1: 3 nets

Levels and vault maps discovered:
D:1:      denvon_arrival_planthouse, layout_basic, minmay_pentomino_o4
D:2:      layout_loops_ring, basic_altar, minmay_lizard_pond

Action                   || total
-------------------------++-------
Melee: War axe           ||    24
Armor: Leather armour    ||    14
Dodge: Dodged            ||    20

Table legend: (Time is in decaauts)
 A = Elapsed time spent in this place.
 B = Non-inter-level travel time spent in this place.
 C = Inter-level travel time spent in this place.
 D = Time resting spent in this place.
 E = Time spent auto-exploring this place.
 F = Levels seen in this place.
 G = Mean time per level.
                   A        B        C        D        E       F      G
               +--------+--------+--------+--------+--------+-----+--------+
         Total |    182 |    182 |      0 |      0 |      0 |   2 |   91.0 |
       Dungeon |    182 |    182 |      0 |      0 |      0 |   2 |   91.0 |
               +--------+--------+--------+--------+--------+-----+--------+

Top non-repeatable levels by time:
     D:2: 117 daAuts
     D:1: 65 daAuts
